 Dungeon Crawl Stone Soup version 0.30.1-4-g462c640d31 (webtiles) character file.

Game seed: 16475547798558190067

18 arthad the Magician (level 2, -2/22 HPs)
             Began as a Djinni Fire Elementalist on Aug 24, 2023.
             Slain by a hobgoblin (5 damage)
             ... on level 2 of the Dungeon.
             The game lasted 00:01:49 (625 turns).

arthad the Magician (Djinni Fire Elementalist)       Turns: 625, Time: 00:01:49

Health: -2/22      AC:  2    Str:  7    XL:     2   Next: 85%
Gold:   63         EV: 11    Int: 16    God:
                   SH:  3    Dex: 13

rFire   + + .        (no weapon)
rCold   x . .        f - +0 buckler
rNeg    . . .        a - +0 robe
rPois   ∞            (no helmet)
rElec   .            (no cloak)
rCorr   .            (no gloves)
SInv    .            (boots unavailable)
Will    .....        (no amulet)
Stlth   ++           (no ring)
HPRegen 0.23/turn    (no ring)
MPRegen 0.00/turn

%: infuse magic (-3 HP)
@: flying, very slightly contaminated
A: sickness immunity, fire resistance 2, cold vulnerability 1, float, innate
caster, HP casting, extra vitality 1
a: no special abilities


You were on level 2 of the Dungeon.
You visited 1 branch of the dungeon, and saw 2 of its levels.

You collected 63 gold pieces.

Inventory:

Hand Weapons
 e - a +1 mace of holy wrath
Armour
 a - a +0 robe (worn)
 f - a +0 buckler (worn)
Scrolls
 b - a scroll of fog {unknown}
 c - a scroll of enchant armour {unknown}
 d - a scroll of amnesia {unknown}
 g - 2 scrolls of teleportation {unknown}
 h - a scroll of magic mapping {unknown}
 i - a scroll of poison {unknown}
Potions
 j - a potion of flight {unknown}
 k - a potion of degeneration {unknown}


   Skills:
 * Level 0.5 Fighting
 + Level 2.5 Dodging
 + Level 2.0 Stealth
 * Level 2.6 Spellcasting


You knew the following spells:

 Your Spells              Type           Power      Damage    Failure   Level
a - Foxfire               Conj/Fire      40%        2x1d6     11%         1
b - Scorch                Fire           20%        2d6       17%         2
c - Volatile Blastmotes   Fire/Tloc      20%        2d11      32%         3
d - Inner Flame           Hex/Fire       10%        N/A       32%         3
e - Flame Wave            Conj/Fire      10%        2d6       73%         4
Your spell library was empty.

Dungeon Overview and Level Annotations

Branches:
Dungeon (2/15)

Altars:


Innate Abilities, Weirdness & Mutations

You are immune to sickness and miasma.
You are immune to poison.
Your flesh is very heat resistant. (rF++)
You are vulnerable to cold. (rC-)
You float through the air rather than walking.
You learn spells naturally, not from books.
Your magical power is your life essence.
You have superior vitality. (+4 MHP)


Message History

You kill the frilled lizard!
Your foxfire dissipates!
A hobgoblin comes into view.
Your Stealth skill increases to level 2!
You conjure some foxfire!
The foxfire hits the hobgoblin but does no damage.
An endoplasm comes into view.
The endoplasm quivers.
The foxfire hits the hobgoblin.
The hobgoblin is almost dead.
A ball python comes into view.
You miscast Foxfire.
Nothing appears to happen.
The ball python hisses angrily.
You conjure some foxfire!
A giant cockroach comes into view.
The foxfire hits the hobgoblin but does no damage.
The hobgoblin is severely wounded.
The foxfire hits the endoplasm but does no damage.
You conjure some foxfire!
The endoplasm freezes you.
You are frozen!
You feel a terrible chill! The hobgoblin hits you.
The foxfire hits the endoplasm.
The endoplasm is heavily wounded.
The foxfire hits the endoplasm.
The endoplasm is almost dead.
The hobgoblin closely misses you.
You are too injured to fight recklessly!
Casting: Foxfire (safe; 11% risk of failure)
Confirm with . or Enter, or press ? or * to list all spells.
You conjure some foxfire!
The endoplasm freezes you.
You are frozen!
You feel a terrible chill!
* * * LOW HITPOINT WARNING * * *
The hobgoblin hits you.
You die...

#.# #.# ####
#.#
####...###'####
#.............#
+.............#
#.............#
.......>vv....#
#....(.J@.....#
#...###g#######
#.# #.S. #
...B.. ###.....
#..[...
.†.....#
....####


You could see an endoplasm (ally target), a giant cockroach, a hobgoblin and a
ball python.

Vanquished Creatures
  2 dart slugs (D:1)
  An endoplasm (D:2)
  2 giant cockroaches (D:1)
  2 goblins (D:1)
  A quokka (D:1)
  A bat (D:1)
  2 frilled lizards
  3 rats
14 creatures vanquished.

Vanquished Creatures (others)
  72 foxfires
72 creatures vanquished.

Grand Total: 86 creatures vanquished

Notes
Turn   | Place    | Note
-------+----------+-------------------------------------------
     0 | D:1      | arthad the Djinni Fire Elementalist began the quest for the
                  | Orb.
     0 | D:1      | arthad set off with the following spells memorised:
                  | Foxfire, Scorch, Volatile Blastmotes, Inner Flame, Flame
                  | Wave.
     0 | D:1      | Reached XP level 1. HP: 15/15 MP: 0/0
    91 | D:1      | Reached XP level 2. HP: 16/21 MP: 0/0
   381 | D:1      | Found a faded altar of an unknown god.
   625 | D:2      | Slain by a hobgoblin

Illustrated notes

Levels and vault maps discovered:
D:1:      tarquinn_simple_flora_water_f, layout_rooms,
          ebering_ecumenical_altar_sacrificial, chequers_serial_rivers_micro_b
D:2:      layout_basic, uniq_robin

Skill      XL: |  1  2 |
---------------+-------+-----
Stealth        | 2 |  2.0
Fighting       | |  0.5
Dodging        | |  2.5
Spellcasting   | |  2.6

Action                     || total
---------------------------++-------
   Cast: Foxfire           ||    42
 Armour: Robe              ||     1
  Dodge: Dodged            ||     8
  Block: Buckler           ||     1
